 Dungeon Crawl Stone Soup version 0.29.0-11-gd7f09526c8 (webtiles) character file.

Game seed: 4929399655127732332

695 RascalDebosk the Shield-Bearer (level 7, -1/60 HPs)
             Began as a Minotaur Fighter on Sept 4, 2022.
             Slain by a killer bee (7 damage)
             ... on level 5 of the Dungeon on Sept 5, 2022.
             The game lasted 00:32:08 (4352 turns).

RascalDebosk the Shield-Bearer (Minotaur Fighter)   Turns: 4352, Time: 00:32:08

Health: -1/60      AC: 14    Str: 23    XL:     7   Next: 37%
Magic:  8/8        EV:  7    Int:  5    God:
Gold:   212        SH:  9    Dex:  9    Spells: 6/6 levels left

rFire   . . .      SeeInvis .   a - +0 war axe
rCold   . . .      Faith    .   c - +0 buckler
rNeg    . . .      Spirit   .   w - +0 chain mail
rPois   .          Reflect  +   (helmet restricted)
rElec   .          Harm     .   g - +1 cloak
rCorr   +          Rampage  .   l - +1 pair of gloves
Will    .....                   (no boots)
Stlth   ..........              f - amulet of reflection
HPRegen 0.20/turn               j - ring of resist corrosion
MPRegen 0.11/turn               (no ring)

@: on berserk cooldown, slowed, very slow
A: horns 2, retaliatory headbutt
a: no special abilities


You were on level 5 of the Dungeon.
You visited 2 branches of the dungeon, and saw 6 of its levels.

You collected 212 gold pieces.

Inventory:

Hand Weapons
 a - a +0 war axe (weapon)
Missiles
 i - 14 poisoned darts (quivered)
Armour
 c - a +0 buckler (worn)
 g - a +1 cloak (worn)
 l - a +1 pair of gloves (worn)
 w - a +0 chain mail (worn)
Jewellery
 f - an amulet of reflection (around neck)
 j - a ring of resist corrosion (left hand)
 k - a ring of wizardry
 r - an amulet of faith
Wands
 v - a wand of charming (7)
Scrolls
 b - a scroll of magic mapping {unknown}
 m - a scroll of noise {unknown}
 q - a scroll of identify
 t - a scroll of teleportation {unknown}
 u - a scroll of blinking {unknown}
Potions
 d - 3 potions of might
 e - a potion of brilliance
 n - 2 potions of mutation
 o - 2 potions of ambrosia
 p - a potion of berserk rage
 s - a potion of degeneration {unknown}
 x - a potion of cancellation {unknown}


   Skills:
 + Level 4.9 Fighting
 + Level 4.0 Axes
 + Level 2.4 Throwing
 + Level 4.8 Armour
 + Level 5.0 Shields
 + Level 3.3 Invocations
 * Level 3.2 Evocations


You had 6 spell levels left.
You didn't know any spells.
Your spell library contained the following spells:

 Spells                   Type           Power      Damage    Failure   Level
 Freeze                   Ice            0%         1d3       99%         1
 Magic Dart               Conj           0%         1d3       99%         1
 Call Imp                 Summ           0%         N/A       100%        2
 Frozen Ramparts          Ice            0%         1d1       100%        3
 Mephitic Cloud           Conj/Pois/Air  0%         N/A       100%        3
 Hailstorm                Conj/Ice       0%         3d3       100%        4


Dungeon Overview and Level Annotations

Branches:
Dungeon (5/15)             Temple (1/1) D:4

Altars:
Cheibriados
Hepliaklqana
Makhleb
Nemelex Xobeh
Okawaru
Trog
Uskayaw
Vehumet
Wu Jian
Zin
The Shining One


Innate Abilities, Weirdness & Mutations

You have a pair of horns on your head.
You reflexively headbutt those who attack you in melee.


Message History

You feel sick. The killer bee barely misses you. You furiously retaliate!
You headbutt the killer bee.
The killer bee stings you but does no damage.
You miss the killer bee. Your headbutt misses the killer bee.
The killer bee is lightly wounded.
You feel sick.
The killer bee stings you but does no damage.
The killer bee barely misses you. You furiously retaliate!
You headbutt the killer bee! You miss the killer bee.
The killer bee is severely wounded.
You feel sick. The killer bee closely misses you.
The killer bee stings you but does no damage.
You closely miss the killer bee. Your headbutt misses the killer bee.
The killer bee is severely wounded.
You feel sick.
You are no longer poisoned.
The killer bee stings you.
* * * LOW HITPOINT WARNING * * *
You block the killer bee's attack.
You miss the killer bee.
The killer bee is severely wounded.
You are no longer berserk.
You are exhausted.
You feel yourself slow down. You block the killer bee's attack. x2
You barely miss the killer bee.
The killer bee is severely wounded.
You block the killer bee's attack.
The killer bee stings you but does no damage. x3
You slash the killer bee!
You kill the killer bee!
You block the killer bee's attack. The killer bee closely misses you.
The killer bee barely misses you.
Your Axes skill increases to level 4!
Your Shields skill increases to level 5!
You miss the killer bee. Your headbutt misses the killer bee.
The killer bee stings you but does no damage.
The killer bee barely misses you. You block the killer bee's attack.
The killer bee stings you!
You die...

.##.#..............#.......#
..#.###.#.[......#.#.#######
..#.....#..##........#
..#######..##..#.#[..# .##
#............# .#
#..#...###..## .##
#...........#
..#######......###.##
.......###....yy@..#
..####.# ##...######
....##.# #...# .....#.#
#..y# ..#..#.####...##.#
.........<......#
#......†.......##
###.............#
.......####...##.#


You could see 2 killer bees.

Vanquished Creatures
  A black bear (D:3)
  A phantom (D:5)
  A scorpion (D:5)
  3 killer bees (D:5)
  A howler monkey (D:5)
  An orc priest (D:4)
  2 hounds
  3 iguanas
  3 adders (D:4)
  3 worms
  A dart slug (D:4)
  9 orcs (D:4)
  6 ball pythons
  7 endoplasms
  3 giant cockroaches
  10 goblins
  4 hobgoblins
  7 jackals
  7 kobolds
  A quokka (D:1)
  4 bats
  A frilled lizard (D:1)
  4 rats
83 creatures vanquished.

Notes
Turn   | Place    | Note
-------+----------+-------------------------------------------
     0 | D:1      | RascalDebosk the Minotaur Fighter began the quest for the
                  | Orb.
     0 | D:1      | Reached XP level 1. HP: 19/19 MP: 0/0
   278 | D:1      | Reached XP level 2. HP: 26/27 MP: 1/1
   829 | D:2      | Reached skill level 1 in Invocations
   879 | D:2      | Reached XP level 3. HP: 33/33 MP: 2/2
  1923 | D:3      | Found an ornate altar of the Wu Jian Council.
  1952 | D:3      | Noticed a black bear
  1965 | D:3      | Killed a black bear
  1966 | D:3      | Reached skill level 1 in Throwing
  1966 | D:3      | Reached skill level 4 in Shields
  1966 | D:3      | Reached skill level 1 in Evocations
  1966 | D:3      | Reached XP level 4. HP: 40/40 MP: 2/4
  2021 | D:3      | Found a bloodstained altar of Trog.
  2236 | D:3      | Reached XP level 5. HP: 46/46 MP: 5/5
  2294 | D:3      | Found a hide-covered altar of Uskayaw.
  3021 | D:4      | Found a staircase to the Ecumenical Temple.
  3043 | Temple   | Entered the Ecumenical Temple
  3434 | D:4      | Reached XP level 6. HP: 49/53 MP: 6/6
  3512 | D:4      | Found a sparkling altar of Nemelex Xobeh.
  3955 | D:5      | Entered Level 5 of the Dungeon
  3955 | D:5      | Found an iron altar of Okawaru.
  4178 | D:5      | Reached XP level 7. HP: 60/60 MP: 8/8
  4352 | D:5      | Reached skill level 5 in Shields
  4352 | D:5      | Slain by a killer bee

Illustrated notes

Levels and vault maps discovered:
D:1:      lemuel_arrival_river_ford, layout_basic
D:2:      layout_basic, grunt_ministairs_14
D:3:      layout_basic, trog_book, nicolae_wu_jian_immortal_techniques,
          eat_drink_and_be_merry_uskayaw, minivault_26
D:4:      layout_loops_ring, nemelex_dance_club_becter,
          minmay_temple_entry_proselytizer
D:5:      layout_loops_cross, okawaru_gym_becter
Temple:   hellmonk_temple_beads

Skill      XL: |  1  2  3  4  5  6  7 |
---------------+----------------------+-----
Invocations    | 1 2 3 |  3.3
Fighting       | 4 |  4.9
Axes           | 3 4 |  4.0
Throwing       | 1 2 |  2.4
Armour         | 4 |  4.8
Shields        | 4 5 |  5.0
Evocations     | 1 2 3 |  3.2

Action                   |  1- 3 |  4- 6 |  7- 9 || total
-------------------------+-------+-------+-------++-------
Melee: War axe           |    62 |   113 |    37 ||   212
       Headbutt          |     5 |    15 |     1 ||    21
Throw: Dart              |     5 |     8 |       ||    13
  Use: Scroll            |       |    10 |       ||    10
       Potion            |       |       |     2 ||     2
Armor: Scale mail        |    26 |    29 |     1 ||    56
       Chain mail        |       |       |    32 ||    32
Dodge: Dodged            |    29 |    32 |    14 ||    75
Block: Buckler           |    29 |    65 |    35 ||   129
